 Dungeon Crawl Stone Soup version 0.29-a0-214-g17f627cfee (webtiles) character file.

Game seed: 1388878802914543448

4432 sammy202020 the Fighter (level 10, -1/80 HPs)
             Began as a Demonspawn Berserker on Feb 25, 2022.
             Was a Priest of Trog.
             Slain by Grum
             ... wielding a +0 glaive
              (15 damage)
             ... on level 9 of the Dungeon.
             The game lasted 00:33:42 (10037 turns).

sammy202020 the Fighter (Demonspawn Berserker)     Turns: 10037, Time: 00:33:43

Health: -1/80      AC: 26    Str: 19    XL:     10   Next: 14%
Magic:  10/10      EV: 10    Int: 12    God:    Trog [***...]
Gold:   361        SH:  4    Dex: 14    Spells: 9/9 levels left

rFire   . . .      SeeInvis +   p - +0 trident
rCold   . . .      Faith    .   (no shield)
rNeg    + . .      Spirit   .   e - +0 chain mail
rPois   .          Reflect  .   d - +1 helmet
rElec   .          Harm     .   D - +0 cloak
rCorr   .          Rampage  .   (no gloves)
Will    ++...      Clarity  +   A - +1 pair of boots of Vexation {rN+ Int+2 SInv}
Stlth   ..........              x - amulet of regeneration
HPRegen 2.03/turn               (no ring)
MPRegen 0.12/turn               (no ring)

@: strong-willed, sanguine armoured, on berserk cooldown, regenerating, slowed,
very slow
A: icemail 1, sanguine armour 1, condensation shield, weakness stinger 2, see
invisible, clarity
a: Renounce Religion, Berserk, Trog's Hand


You were on level 9 of the Dungeon.
You worshipped Trog.
Trog was most pleased with you.
You visited 1 branch of the dungeon, and saw 9 of its levels.

You collected 361 gold pieces.

Inventory:

Hand Weapons
 a - a +0 spear
 i - a +0 war axe
 k - a +0 dagger
 n - the +8 whip "Snakebite" {venom, curare, rPois}
   (You found it on level 3 of the Dungeon)

   It poisons the flesh of those it strikes.
   It occasionally inflicts asphyxiating poison on those it strikes, dealing
   poison damage and causing slowness.
   rPois:     It protects you from poison.
 p - a +0 trident (weapon)
Armour
 d - a +1 helmet (worn)
 e - a +0 chain mail (worn)
 A - the +1 pair of boots of Vexation (worn) {rN+ Int+2 SInv}
   (You found it on level 7 of the Dungeon)

   Int:       It affects your intelligence (+2).
   rN:        It protects you from negative energy.
   SInv:      It lets you see invisible.
 D - a +0 cloak (worn)
Jewellery
 b - an amulet of the acrobat
 x - an amulet of regeneration (around neck)
 y - an amulet of reflection
Wands
 o - a wand of charming (5)
 v - a wand of flame (34)
Scrolls
 r - 5 scrolls of teleportation
 u - a scroll of amnesia {unknown}
 w - a scroll of fog
 z - a scroll of silence {unknown}
 B - a scroll of summoning
Potions
 c - a potion of flight
 f - a potion of haste {unknown}
 g - 2 potions of mutation
 j - 2 potions of magic
 l - a potion of might {unknown}
 m - a potion of invisibility {unknown}
 q - a potion of lignification {unknown}
 s - 2 potions of brilliance {unknown}
 t - 2 potions of cancellation
 C - 3 potions of ambrosia {unknown}


   Skills:
 + Level 8.0 Fighting
 + Level 7.3 Polearms
 + Level 7.0 Armour
 + Level 7.0 Dodging


You had 9 spell levels left.
You didn't know any spells.
Your spell library was empty.

Dungeon Overview and Level Annotations

Branches:
Dungeon (9/15)             Temple (0/1) D:6             Orc (0/2) D:9
   Lair: D:8-11

Altars:
Cheibriados
Fedhas
Makhleb
Xom
Yredelemnul

Shops:
D:5 =

Annotations:
D:8 3 runed translucent doors
D:9 Grum


Innate Abilities, Weirdness & Mutations

A meltable icy envelope protects you from harm. (AC +4)
When seriously injured, your blood forms armour. (AC +6)
A meltable shield of frost defends you. (SH +4)
You have a tail ending in a sharp stinger.
You have supernaturally acute eyesight. (SInv)
You possess an exceptional clarity of mind.


Message History

The ogre zombie hits you but does no damage.
You puncture the ogre zombie! You tail-slap the ogre zombie!
The ogre zombie is severely damaged.
Grum barely misses you.
You impale the ogre zombie!!
You destroy the ogre zombie!
Trog accepts your kill. Grum completely misses you.
You feel a strong urge to attack something.
You are no longer berserk.
You are exhausted.
You feel yourself slow down. Grum barely misses you.
Grum hits you but does no damage.
You completely miss Grum.
Grum is lightly wounded.
Grum hits you but does no damage.
Grum sniffs the air and quickly glances around.
Grum closely misses you.
You barely miss Grum.
Grum is lightly wounded.
Grum completely misses you.
You hit Grum but do no damage. Your punch misses Grum.
Grum is lightly wounded.
Grum hits you with a +0 glaive.
* * * LOW HITPOINT WARNING * * *
Your skin crawls.
You feel strong-willed. Grum barely misses you. Grum closely misses you.
You hit Grum but do no damage.
Grum is lightly wounded.
Grum hits you but does no damage.
You closely miss Grum.
Grum is lightly wounded.
You block Grum's attack. Grum hits you with a +0 glaive!
* * * LOW HITPOINT WARNING * * *
You hit Grum but do no damage.
Grum is lightly wounded.
Grum hits you with a +0 glaive!
You die...

....#####...........#.# #.
...#...............#.# #.
#.#..#.........##'####.# #.
#.#..#..##.....#.......# #.
#.#..#.. #.....#.......# #.
#...)#####.....#..#....# #.
#........#.....#.......# #.
#..#..##.#'###########.####.
#..#.......@g...†....#......
#..)))..........#....#......
#...............#....#......
#....####.......#....#......
#.#..# #.......#....#......
#....# #.......#...††......
#....# #.......#....#......
#....# #########....#......
#....# #....#......


You could see Grum.

Vanquished Creatures
  A two-headed ogre (D:8)
  Maurice (D:8)
  Joseph (D:8)
  A shadow (D:9)
  3 sky beasts
  An ice beast (D:7)
  2 orc warriors (D:9)
  2 ogres
  3 wolves (D:9)
  2 centaurs
  4 bullfrogs
  3 kobold brigands
  A scorpion (D:6)
  A wyvern zombie (D:6)
  2 troll zombies (D:9)
  5 killer bees (D:9)
  A howler monkey (D:4)
  A centaur zombie (D:6)
  3 hounds
  4 orc priests
  A bullfrog skeleton (D:6)
  3 centaur skeletons (D:4)
  Ijyb (D:5)
  A scorpion zombie (D:5)
  4 iguanas
  2 orc wizards
  5 ogre zombies (D:9)
  Robin (D:3)
  3 gnolls (D:2)
  A howler monkey skeleton (D:7)
  3 howler monkey zombies
  5 adders
  2 shadow imps
  A white imp (D:5)
  An ufetubus (D:5)
  An adder skeleton (D:3)
  3 worms
  38 orcs
  8 endoplasms
  3 giant cockroaches
  9 goblins
  13 hobgoblins
  5 jackals
  19 kobolds
  2 quokkas
  10 ball pythons
  7 bats
  5 frilled lizards
  2 goblin skeletons (D:9)
  3 goblin zombies (D:9)
  2 hobgoblin zombies (D:9)
  3 orc skeletons (D:9)
  13 orc zombies (D:9)
  5 rats
227 creatures vanquished.

Vanquished Creatures (others)
  2 withered plants (D:9)
2 creatures vanquished.

Grand Total: 229 creatures vanquished

Notes
Turn   | Place    | Note
-------+----------+-------------------------------------------
     0 | D:1      | sammy202020 the Demonspawn Berserker began the quest for
                  | the Orb.
     0 | D:1      | Reached XP level 1. HP: 18/18 MP: 1/1
   549 | D:1      | Gained mutation: You have a small tail. [demonic ancestry]
   549 | D:1      | Reached XP level 2. HP: 7/24 MP: 2/2
  1531 | D:2      | Gained mutation: When seriously injured, your blood forms
                  | armour. (AC +6) [demonic ancestry]
  1531 | D:2      | Reached XP level 3. HP: 29/29 MP: 3/3
  1704 | D:2      | Gained mutation: You possess an exceptional clarity of
                  | mind. [potion of mutation]
  1704 | D:2      | Gained mutation: You have supernaturally acute eyesight.
                  | (SInv) [potion of mutation]
  1711 | D:2      | Reached ** piety under Trog
  1952 | D:2      | Gained mutation: You have a tail ending in a sharp stinger.
                  | [demonic ancestry]
  1952 | D:2      | Reached XP level 4. HP: 26/36 MP: 4/4
  2427 | D:3      | Noticed Robin
  2450 | D:3      | Reached XP level 5. HP: 30/42 MP: 5/5
  2474 | D:3      | Killed Robin
  2638 | D:3      | Found a faded altar of an unknown god.
  2998 | D:3      | Found the +8 whip "Snakebite" {venom, curare, rPois}
  3186 | D:3      | Found a burning altar of Makhleb.
  3239 | D:3      | Found a large runed translucent door.
  3240 | D:3      | Found a large runed translucent door.
  3591 | D:3      | Found a snail-covered altar of Cheibriados.
  3602 | D:3      | Reached skill level 4 in Fighting
  3605 | D:3      | Found a shimmering altar of Xom.
  3941 | D:4      | Reached XP level 6. HP: 48/48 MP: 6/6
  4419 | D:4      | Reached XP level 7. HP: 17/55 MP: 7/7
  5080 | D:5      | Entered Level 5 of the Dungeon
  5080 | D:5      | Found Hitoysuj's Jewellery Emporium.
  5517 | D:5      | Noticed Ijyb
  5551 | D:5      | Killed Ijyb
  5552 | D:5      | Reached skill level 5 in Fighting
  6273 | D:6      | Reached skill level 5 in Polearms
  6273 | D:6      | Gained mutation: A meltable shield of frost defends you.
                  | (SH +4) [demonic ancestry]
  6273 | D:6      | Reached XP level 8. HP: 63/63 MP: 8/8
  6728 | D:6      | Found a staircase to the Ecumenical Temple.
  6736 | D:6      | Found a blossoming altar of Fedhas.
  7079 | D:6      | Reached skill level 5 in Armour
  7079 | D:6      | Reached skill level 5 in Dodging
  7227 | D:6      | Reached skill level 6 in Fighting
  7313 | D:7      | Identified the +1 pair of boots of Vexation {rN+ Int+2
                  | SInv}
  7825 | D:7      | Reached *** piety under Trog
  8014 | D:8      | Noticed a two-headed ogre
  8025 | D:8      | Killed a two-headed ogre
  8026 | D:8      | Reached XP level 9. HP: 71/71 MP: 9/9
  8051 | D:8      | Noticed Joseph
  8085 | D:8      | Killed Joseph
  8086 | D:8      | Reached skill level 7 in Fighting
  8201 | D:8      | Noticed Maurice
  8225 | D:8      | Killed Maurice
  8318 | D:8      | Found a runed translucent gate.
  8319 | D:8      | Found a runed translucent gate.
  8319 | D:8      | Found a runed translucent gate.
  8323 | D:8      | Noticed a red ugly thing
  8989 | D:8      | Noticed a purple ugly thing
  9154 | D:9      | Found a basalt altar of Yredelemnul.
  9428 | D:9      | HP: 3/73 [poisoned by a killer bee]
  9431 | D:9      | HP: 1/73 [poisoned by a killer bee]
  9720 | D:9      | Gained mutation: A meltable icy envelope protects you from
                  | harm. (AC +4) [demonic ancestry]
  9720 | D:9      | Reached XP level 10. HP: 80/80 MP: 10/10
  9860 | D:9      | Found a staircase to the Orcish Mines.
  9987 | D:9      | Noticed Grum
  9990 | D:9      | Reached skill level 8 in Fighting
 10037 | D:9      | Slain by Grum

Illustrated notes

Levels and vault maps discovered:
D:1:      roderic_crossed_star, layout_loops_corners, serial_bayou_pond_d
D:2:      layout_rooms, minmay_heptomino_d4
D:3:      layout_loops_ring, mainiacjoe_overflow_tiny_flanked,
          jmf_multi_god_temple2, shapermc_ecumenical_altar_mp_highgroup,
          ebering_dispersal_statue_hall, uniq_robin
D:4:      layout_loops_ring, nicolae_ossuary_entry_plus
D:5:      layout_basic, mainiacjoe_overflow_boulevard,
          mainiacjoe_overflow_24_doors, serial_shops,
          nicolae_shop_hallway_stairs, kennysheep_small_circle, uniq_ijyb
D:6:      layout_gridville, fedhas_altar_1, minmay_temple_entry_mist
D:7:      layout_basic
D:8:      layout_basic, enter_bailey_4,
          ploomutoo_gammafunk_ghost_potion_laboratory, uniq_joseph, uniq_maurice
D:9:      layout_stronghold, yredelemnul_altar_generic, lair_entry_dummy,
          zombieorc2_lemuel, hangedman_incinerator, uniq_grum

Skill      XL: |  1  2  3  4  5  6  7  8  9 10 |
---------------+-------------------------------+-----
Armour         | 2 3 4 5 6 7 |  7.0
Dodging        | 2 3 4 5 6 7 |  7.0
Polearms       | 3 4 5 6 7 |  7.3
Fighting       | 4 5 6 7 8 |  8.0

Action                   |  1- 3 |  4- 6 |  7- 9 | 10-12 || total
-------------------------+-------+-------+-------+-------++-------
Melee: Spear             |   131 |   238 |   641 |    61 ||  1071
       Tailslap          |    13 |    29 |   112 |    34 ||   188
       Punch             |     2 |     2 |    10 |     3 ||    17
       Trident           |       |       |       |    94 ||    94
Invok: Berserk           |       |     3 |     9 |     1 ||    13
       Trog's Hand       |       |     2 |     7 |     1 ||    10
  Use: Scroll            |     8 |     2 |     2 |       ||    12
       Potion            |     1 |       |     4 |       ||     5
Armor: Animal skin       |     4 |       |       |       ||     4
       Chain mail        |    58 |   141 |   338 |    89 ||   626
Dodge: Dodged            |    44 |    95 |   290 |    80 ||   509
Block: Other             |       |       |    94 |    26 ||   120

Table legend: (Time is in decaauts)
 A = Elapsed time spent in this place.
 B = Non-inter-level travel time spent in this place.
 C = Inter-level travel time spent in this place.
 D = Time resting spent in this place.
 E = Time spent auto-exploring this place.
 F = Levels seen in this place.
 G = Mean time per level.
                   A        B        C        D        E       F      G
               +--------+--------+--------+--------+--------+-----+--------+
         Total |   9988 |   9716 |    272 |   1816 |   5412 |   9 | 1109.8 |
       Dungeon |   9988 |   9716 |    272 |   1816 |   5412 |   9 | 1109.8 |
               +--------+--------+--------+--------+--------+-----+--------+

Top non-repeatable levels by time:
     D:1: 1445 daAuts
     D:4: 1430 daAuts
     D:3: 1272 daAuts
     D:8: 1145 daAuts
     D:5: 1130 daAuts
     D:6: 1094 daAuts
     D:2: 933 daAuts
     D:9: 879 daAuts
     D:7: 657 daAuts
